 Dungeon Crawl Stone Soup version 0.30-a0-1016-gfb0d676c02 (webtiles) character file.

Game seed: 12299219341647080868

1315 BlueFish the Sneak (level 8, -5/52 HPs)
             Began as an Octopode Transmuter on Apr 6, 2023.
             Slain by an ogre
             ... wielding a +0 giant spiked club
              (32 damage)
             ... on level 6 of the Dungeon.
             The game lasted 00:10:58 (6113 turns).

BlueFish the Sneak (Octopode Transmuter)            Turns: 6113, Time: 00:10:58

Health: -5/52      AC:  2    Str: 11    XL:     8   Next: 58%
Magic:  6/12       EV: 21    Int: 16    God:
Gold:   78         SH:  0    Dex: 17    Spells: 3/13 levels left

rFire   . . .      SeeInvis .      - Unarmed
rCold   . . .      Faith    .    (shield currently unavailable)
rNeg    + . .      Spirit   .    (helmet currently unavailable)
rPois   x          Reflect  .    (no amulet)
rElec   .          Rampage  .    c - ring of positive energy
rCorr   .                        (no ring)
Will    .....                    (no ring)
Stlth   +++                      (no ring)
HPRegen 0.28/turn                (no ring)
MPRegen 0.13/turn                (no ring)
                                 (no ring)
                                 (no ring)

@: spider-form, very slightly contaminated
A: venomous fangs, almost no armour, (amphibious), 8 rings, tiny, (camouflage
1), (gelatinous body 1), (nimble swimmer 1), (tentacles)
a: End Transformation


You were on level 6 of the Dungeon.
You were a venomous arachnid creature.
You visited 1 branch of the dungeon, and saw 6 of its levels.

You collected 191 gold pieces.
You spent 113 gold pieces at shops.

Inventory:

Missiles
 b - 56 stones
 w - a curare-tipped dart
 z - 5 atropa-tipped darts
 A - a throwing net
Armour
 e - a +0 kite shield
Jewellery
 c - a ring of positive energy (left front pincers)
Wands
 g - a wand of mindburst (21)
 n - a wand of flame (14)
 C - a wand of iceblast (7)
Scrolls
 d - a scroll of amnesia
 i - a scroll of teleportation
 j - a scroll of blinking
 l - a scroll of silence
 m - a scroll of immolation
 t - 3 scrolls of poison {unknown}
 u - a scroll of fog {unknown}
 v - a scroll of enchant armour {unknown}
 y - a scroll of fear {unknown}
 B - a scroll of torment {unknown}
Potions
 a - 3 potions of lignification
 f - a potion of flight
 h - 2 potions of haste
 k - a potion of ambrosia
 o - a potion of cancellation
 p - a potion of might {unknown}
 q - 5 potions of heal wounds
 r - 2 potions of curing
 s - 2 potions of attraction
 x - a potion of resistance {unknown}
 D - a potion of magic {unknown}


   Skills:
 + Level 3.0 Fighting
 + Level 2.3 Throwing
 + Level 3.6 Dodging
 * Level 5.6 Stealth
 + Level 2.6 Shields
 + Level 4.1 Unarmed Combat
 + Level 3.1 Spellcasting
 + Level 3.4 Transmutations
 * Level 2.1 Ice Magic
 * Level 4.0 Poison Magic
 + Level 2.5 Evocations


You had 3 spell levels left.
You knew the following spells:

 Your Spells              Type           Power      Damage    Failure   Level
a - Beastly Appendage     Tmut           26%        N/A       14%         1
b - Wereblood             Tmut           13%        N/A       19%         2
c - Spider Form           Tmut/Pois      14%        N/A       28%         3
d - Ice Form              Ice/Tmut       11%        N/A       71%         4

Your spell library contained the following spells:

 Spells                   Type           Power      Damage    Failure   Level


Dungeon Overview and Level Annotations

Branches:
Dungeon (6/15)             Temple (0/1) D:5

Altars:
Ashenzari
Fedhas
Ru
Wu Jian
Zin

Shops:
D:3 ![![[   D:6 *

Annotations:
D:3 3 runed translucent doors, exclusion: oklob plant, 0gre's ghost, amateur GnIE; Pooter's ghost, amateur TrHu


Innate Abilities, Weirdness & Mutations

You are a venomous arachnid creature.
You have venomous fangs.
You are tiny and dextrous.
Your spellcasting is less reliable in this form.
Your armour is entirely melded.
You are incapable of wielding weapons or throwing items.
You cannot wear most types of armour.
((You are amphibious.))
You can wear up to eight rings at the same time.
((Your skin changes colour to match your surroundings (Stealth+).))
((Your rubbery body absorbs attacks. (AC +1, EV +1)))
((You are camouflaged when in or above water. (Stealth+)))
((You have tentacles for arms and can constrict up to eight enemies at once.))


Message History

You hit the ice beast.
You kill the ice beast!
Your Fighting skill increases to level 3!
Your Ice Magic skill increases to level 2!
As you read the scroll of identify, it crumbles to dust.
s - 2 potions of attraction Your transformation is almost over.
Your transformation has ended.
A howler monkey comes into view.
You strike the helpless howler monkey from behind!
You tentacle-slap the howler monkey. You grab the howler monkey.
You squeeze the howler monkey.
The howler monkey is moderately wounded.
You constrict the howler monkey.
The howler monkey hoots and howls with incredible vigour!
You hear a shout!
You tentacle-slap the howler monkey.
You tentacle-slap the howler monkey, but do no damage.
You squeeze the howler monkey.
You kill the howler monkey!
Your Poison Magic skill increases to level 4!
You see here a howler monkey corpse.
An ogre comes into view. It is wielding a +0 giant spiked club.
Casting: Spider Form (dangerous; 12% risk of failure)
Confirm with . or Enter, or press ? or * to list all spells.
You miscast Spider Form.
You are very lightly contaminated with residual magic.
Nothing appears to happen.
The ogre shouts!
Casting: Spider Form (dangerous; 12% risk of failure)
Confirm with . or Enter, or press ? or * to list all spells.
You turn into a venomous arachnid creature.
You hit the ogre.
The ogre is poisoned.
The ogre is lightly wounded.
The ogre hits you with a +0 giant spiked club!!
You hit the ogre.
The ogre looks as sick as possible!
The ogre is moderately wounded.
The ogre hits you with a +0 giant spiked club!!
Ouch! That really hurt!
You die...

#.###.# #.# #.#
.# #.# #.# #
#.# #.# # #.#
#. #.# .. #.#
#.###.######.##
#......Os.....#
#####.#########
#


You could see an ogre (extremely poisoned).

Vanquished Creatures
  2 water moccasins (D:5)
  An ice beast (D:6)
  2 ogres (D:5)
  A kobold brigand (D:4)
  2 howler monkeys
  3 hounds
  2 orc priests (D:5)
  2 gnoll boudas
  3 iguanas
  Terence (D:3)
  A sleepcap (D:6)
  Natasha (thrice) (D:3)
  An orc wizard (D:5)
  Robin (D:2)
  9 gnolls
  4 adders
  2 white imps (D:6)
  2 ufetubi
  3 worms
  A dart slug (D:1)
  7 orcs
  3 bats
  12 endoplasms
  2 giant cockroaches
  19 goblins
  6 hobgoblins
  8 jackals
  7 kobolds
  3 quokkas
  5 ball pythons
  A frilled lizard (D:3)
  2 rats (D:2)
121 creatures vanquished.

Vanquished Creatures (others)
  A fungus (D:3)
  A plant (D:3)
  6 withered plants (D:3)
8 creatures vanquished.

Grand Total: 129 creatures vanquished

Notes
Turn   | Place    | Note
-------+----------+-------------------------------------------
     0 | D:1      | BlueFish the Octopode Transmuter began the quest for the
                  | Orb.
     0 | D:1      | Reached XP level 1. HP: 13/13 MP: 3/3
    84 | D:1      | Reached skill level 1 in Stealth
    84 | D:1      | Reached XP level 2. HP: 18/18 MP: 5/5
   303 | D:1      | Learned a level 2 spell: Wereblood
   388 | D:1      | Reached XP level 3. HP: 23/23 MP: 6/6
   719 | D:2      | Noticed Robin
   724 | D:1      | Reached skill level 2 in Stealth
   842 | D:2      | Killed Robin
   843 | D:2      | Reached XP level 4. HP: 28/28 MP: 3/7
  1127 | D:2      | Reached skill level 1 in Shields
  1163 | D:2      | Learned a level 3 spell: Spider Form
  1676 | D:3      | Found a runed translucent gate.
  1677 | D:3      | Found a runed translucent gate.
  1678 | D:3      | Found a runed translucent gate.
  1681 | D:3      | Noticed Pooter's ghost (amateur TrHu)
  1703 | D:3      | Noticed 0gre's ghost (amateur GnIE)
  1749 | D:3      | Found a broken altar of Ashenzari.
  1802 | D:3      | Noticed Terence
  1804 | D:3      | Reached XP level 5. HP: 23/33 MP: 8/8
  1815 | D:3      | Killed Terence
  1818 | D:3      | Reached skill level 1 in Poison Magic
  1949 | D:3      | Found Tuudecob's Armour Boutique.
  2018 | D:3      | Found a blossoming altar of Fedhas.
  2039 | D:3      | Noticed an oklob plant
  2075 | D:3      | Found Febeigreuwk's Distillery.
  2080 | D:3      | Found Cychan's Distillery.
  2106 | D:3      | Bought a potion of heal wounds for 65 gold pieces
  2118 | D:3      | Bought a potion of curing for 36 gold pieces
  2118 | D:3      | Bought a potion of degeneration for 12 gold pieces
  2121 | D:3      | Found Vaoc's Antique Armour Emporium.
  2128 | D:3      | Found Juiw's Antique Armour Shoppe.
  2161 | D:3      | Found an ornate altar of the Wu Jian Council.
  2251 | D:3      | Found a sacrificial altar of Ru.
  2252 | D:3      | Found a glowing silver altar of Zin.
  2264 | D:3      | Noticed Natasha
  2271 | D:3      | Killed Natasha
  2272 | D:3      | Reached skill level 3 in Stealth
  2509 | D:3      | Noticed Natasha
  2516 | D:3      | Killed Natasha
  2517 | D:3      | Noticed Natasha
  2569 | D:3      | Killed Natasha
  2570 | D:3      | Reached skill level 1 in Throwing
  2839 | D:4      | Reached XP level 6. HP: 39/39 MP: 9/9
  2923 | D:4      | Reached skill level 1 in Evocations
  3078 | D:4      | Noticed a two-headed ogre
  3817 | D:4      | Reached XP level 7. HP: 45/45 MP: 6/10
  3850 | D:5      | Entered Level 5 of the Dungeon
  3898 | D:5      | Reached skill level 4 in Stealth
  4383 | D:5      | Learned a level 4 spell: Ice Form
  4884 | D:5      | Reached skill level 5 in Stealth
  4884 | D:5      | Reached skill level 1 in Ice Magic
  4884 | D:5      | Reached XP level 8. HP: 50/51 MP: 10/12
  4980 | D:5      | Found a staircase to the Ecumenical Temple.
  5980 | D:6      | Found Vukamada's Assorted Antiques.
  6113 | D:6      | Slain by an ogre

Illustrated notes

Levels and vault maps discovered:
D:1:      dpeg_arrival_stone_temple_mockup, layout_loops_ring
D:2:      layout_loops_ring, uniq_robin
D:3:      layout_loops_ring, ashenzari_conservatory_becter, tgw_fedhas,
          nzn_wu_jian_council_hall, mainiacjoe_overflow_divided_tiny,
          gammafunk_ghost_cemetery, serial_shops, shop, shop, shop,
          nicolae_shop_behind_doors, shop, uniq_natasha, uniq_terence
D:4:      layout_basic, minmay_misc_feat_square, minmay_divided_ellipse
D:5:      layout_loops_corners, minmay_temple_entry_trees
D:6:      lemuel_ice_spiral_2, layout_basic, mainiacjoe_overflow_tiny_flanked,
          serial_shops, kennysheep_mini

Skill      XL: |  1  2  3  4  5  6  7  8 |
---------------+-------------------------+-----
Stealth        | 1 2 3 5 |  5.6
Shields        | 1 2 |  2.6
Poison Magic   | 1 2 3 4 |  4.0
Throwing       | 1 2 |  2.3
Evocations     | 1 2 |  2.5
Fighting       | 2 3 |  3.0
Dodging        | 3 |  3.6
Transmutations | 3 |  3.4
Unarmed Combat | 4 |  4.1
Spellcasting   | 3 |  3.1
Ice Magic      | 1 2 |  2.1

Action                     |  1- 3 |  4- 6 |  7- 9 || total
---------------------------+-------+-------+-------++-------
  Melee: Unarmed           |    59 |   126 |   141 ||   326
         Tentacles         |     9 |    26 |     7 ||    42
         Constrict         |    18 |    27 |     7 ||    52
         Kick              |    12 |    18 |     1 ||    31
         Punch             |       |    10 |     1 ||    11
   Cast: Beastly Appendage |     5 |    12 |     1 ||    18
         Wereblood         |     1 |     1 |     3 ||     5
         Spider Form       |       |     3 |    15 ||    18
    Use: Scroll            |       |     4 |     6 ||    10
         Potion            |       |     1 |       ||     1
   Stab: Sleeping          |     6 |     9 |     4 ||    19
         Distracted        |     1 |       |     1 ||     2
 Armour: Skin              |     5 |     9 |     4 ||    18
  Dodge: Dodged            |    28 |    74 |   117 ||   219

Table legend: (Time is in decaauts)
 A = Elapsed time spent in this place.
 B = Non-inter-level travel time spent in this place.
 C = Inter-level travel time spent in this place.
 D = Time resting spent in this place.
 E = Time spent auto-exploring this place.
 F = Levels seen in this place.
 G = Mean time per level.
                   A        B        C        D        E       F      G
               +--------+--------+--------+--------+--------+-----+--------+
         Total |   6099 |   5912 |    187 |     21 |   4747 |   6 | 1016.5 |
       Dungeon |   6099 |   5912 |    187 |     21 |   4747 |   6 | 1016.5 |
               +--------+--------+--------+--------+--------+-----+--------+

Top non-repeatable levels by time:
     D:5: 1576 daAuts
     D:3: 1266 daAuts
     D:4: 1033 daAuts
     D:2: 789 daAuts
     D:1: 757 daAuts
     D:6: 675 daAuts
